 Dungeon Crawl Stone Soup version 0.20.0-15-g7f486f2 (webtiles) character file.

129 KleinerIrrer the Sneak (level 5, 0/33 HPs)
             Began as an Octopode Transmuter on July 1, 2017.
             Slain by a jelly (2 damage)
             ... on level 3 of the Dungeon.
             The game lasted 00:11:48 (4062 turns).

KleinerIrrer the Sneak (Octopode Transmuter)        Turns: 4062, Time: 00:11:50

Health: 0/33       AC: -7    Str: 10    XL:     5   Next: 12%
Magic:  8/8        EV: 13    Int: 20    God:
Gold:   92         SH:  0    Dex: 12    Spells: 2/8 levels left

rFire    . . .     SeeInvis .     - Unarmed
rCold    + . .     Gourm    .   (no shield)
rNeg     . . .     Faith    .   (helmet restricted)
rPois    .         Spirit   .   (no amulet)
rElec    .         Reflect  .   f - ring of protection from cold
rCorr    .         Harm     .   p - +4 ring of intelligence
MR       .....                  (no ring)
Stlth    ++++......             (no ring)
Regen    0.2/turn               (no ring)
MPRegen  0.2/turn               (no ring)
                                (no ring)
                                (no ring)

@: corroded
A: almost no armour, stealthy swim, amphibious, 8 rings, constrict 8, camouflage
1, gelatinous body 1
a: no special abilities


You were on level 3 of the Dungeon.
You were not hungry.

You visited 1 branch of the dungeon, and saw 3 of its levels.

You collected 92 gold pieces.

Inventory:

Missiles
 a - 66 arrows
Jewellery
 f - a ring of protection from cold (left tentacle)
 p - a +4 ring of intelligence (right tentacle)
Scrolls
 d - 2 scrolls of remove curse
 j - 2 scrolls of enchant weapon {unknown}
 l - a scroll of teleportation
 m - a scroll of immolation {unknown}
 n - a scroll of magic mapping {unknown}
 o - a scroll of amnesia {unknown}
Potions
 e - a potion of resistance
 g - a potion of ambrosia
 i - a potion of brilliance
 k - a potion of curing
 q - a potion of might {unknown}
Books
 b - a book of Changes

   Spells                             Type                      Level
   a - Beastly Appendage              Transmutation                1
   b - Sticks to Snakes               Transmutation                2
   c - Spider Form                    Transmutation/Poison         3
   d - Ice Form                       Ice/Transmutation            4
   e - Blade Hands                    Transmutation                5
Comestibles
 c - 2 bread rations
 h - a meat ration
 r - a chunk of flesh


   Skills:
 - Level 1.0 Fighting
 - Level 2.0 Dodging
 * Level 4.9 Stealth
 + Level 4.2 Unarmed Combat
 - Level 2.1 Spellcasting
 * Level 2.0 Transmutations


You had 2 spell levels left.
You knew the following spells:

 Your Spells              Type           Power        Failure   Level  Hunger
a - Beastly Appendage     Tmut           ##....       7%          1    #......
b - Sticks to Snakes      Tmut           ##......     10%         2    ##.....
c - Spider Form           Tmut/Pois      #.........   30%         3    ###....


Dungeon Overview and Level Annotations

Branches:
Dungeon (3/15)

Altars:
Okawaru


Innate Abilities, Weirdness & Mutations

You cannot wear most types of armour.
You are very stealthy in the water. (Stealth+)
You are amphibious.
You can wear up to eight rings at the same time.
You can use your tentacles to constrict eight enemies at once.
Your skin changes colour to match your surroundings (Stealth+).
Your rubbery body absorbs attacks. (AC +1, EV +1)


Message History

The jelly hits you. The acid corrodes you!
You are splashed with acid!
The acid burns!
You swap places.
Your ball python bites the jelly.
Your ball python is burned by acid!
The jelly closely misses your ball python.
Your ball python bites the jelly.
Your ball python is burned by acid!
Your ball python withers and dies!
The jelly barely misses you.
You tentacle-slap the jelly but do no damage.
Your tentacles burn!
You squeeze the jelly.
The jelly is almost dead.
The jelly hits you. The acid corrodes you!
You are splashed with acid!
The acid burns!
* * * LOW HITPOINT WARNING * * *
You tentacle-slap the jelly but do no damage.
Your tentacles burn!
* * * LOW HITPOINT WARNING * * *
The jelly is almost dead.
The jelly hits you.
You die...

#.........#..# #
#####.#####..# #
#.#####..######
#.#...........######
#.#.###............<
#.#.# #......[..####
#.#.# #.#####.#.#
#.#.# #.........#
#.#@# #######...#
#J# #.).# #.# #.<.#
#.# #...# #[# #...#
#.. ....# ### .....#
####.## #.#


You could see a jelly.

Vanquished Creatures
  5 adders
  An ooze (D:2)
  A dart slug (D:1)
  A leopard gecko (D:2)
  3 orcs (D:3)
  12 goblins
  8 hobgoblins
  7 jackals
  14 kobolds
  A quokka (D:2)
  9 bats
  4 frilled lizards
  5 rats
71 creatures vanquished.

Vanquished Creatures (collateral kills)
  A dart slug (D:3)
1 creature vanquished.

Grand Total: 72 creatures vanquished

Notes
Turn   | Place    | Note
-------+----------+-------------------------------------------
     0 | D:1      | KleinerIrrer the Octopode Transmuter began the quest for the Orb.
     0 | D:1      | Reached XP level 1. HP: 13/13 MP: 3/3
   176 | D:1      | Reached XP level 2. HP: 18/18 MP: 5/5
   181 | D:1      | Reached skill level 1 in Stealth
   369 | D:1      | Learned a level 2 spell: Sticks to Snakes
   998 | D:1      | Reached XP level 3. HP: 16/23 MP: 6/6
  2019 | D:2      | Reached XP level 4. HP: 19/28 MP: 7/7
  2878 | D:2      | Found an iron altar of Okawaru.
  3653 | D:3      | Reached XP level 5. HP: 30/33 MP: 5/8
  3890 | D:2      | Learned a level 3 spell: Spider Form
  4062 | D:3      | Slain by a jelly

Skill      XL: |  1  2  3  4 |
---------------+-------------+-----
Stealth        | 2 3 4 |  4.9
Unarmed Combat | 4 |  4.2
Fighting       | |  1.0
Dodging        | |  2.0
Spellcasting   | |  2.1
Transmutations | |  2.0

Action                   |  1- 3 |  4- 6 || total
-------------------------+-------+-------++-------
Melee: Unarmed           |    94 |   102 ||   196
       Constrict         |    18 |    23 ||    41
       Tentacles         |     4 |    10 ||    14
       Punch             |     2 |     2 ||     4
       Kick              |     2 |    20 ||    22
 Cast: Beastly Appendage |     2 |    15 ||    17
       Sticks to Snakes  |       |     6 ||     6
       Spider Form       |       |     1 ||     1
  Use: Scroll            |     4 |     1 ||     5
       Potion            |       |     1 ||     1
 Stab: Sleeping          |    11 |     3 ||    14
       Distracted        |     1 |     1 ||     2
  Eat: Chunk             |     3 |     5 ||     8
       Bread ration      |       |     1 ||     1
Armor: Skin              |    10 |     6 ||    16
Dodge: Dodged            |    57 |    88 ||   145
